 Dungeon Crawl Stone Soup version 0.29-a0-559-g359e09b9d1 (webtiles) character file.

Game seed: 2708133642773686453

4 xian the Vexing (level 1, -1/14 HPs)
             Began as a Demonspawn Enchanter on June 9, 2022.
             Slain by a ball python (2 damage)
             ... on level 1 of the Dungeon.
             The game lasted 00:01:07 (323 turns).

xian the Vexing (Demonspawn Enchanter)               Turns: 323, Time: 00:01:08

Health: -1/14      AC:  2    Str:  8    XL:     1   Next: 50%
Magic:  3/3        EV: 12    Int: 16    God:
Gold:   28         SH:  0    Dex: 13    Spells: 4/4 levels left

rFire   . . .      SeeInvis .   f - +1 dagger (protect)
rCold   . . .      Faith    .   (no shield)
rNeg    . . .      Spirit   .   b - +0 robe
rPois   .          Reflect  .   (no helmet)
rElec   .          Harm     .   (no cloak)
rCorr   .          Rampage  .   (no gloves)
Will    .....                   (no boots)
Stlth   ++........              (no amulet)
HPRegen 0.04/turn               (no ring)
MPRegen 0.08/turn               (no ring)

@: invisible
A: no striking features
a: no special abilities


You were on level 1 of the Dungeon.
You visited 1 branch of the dungeon, and saw 1 of its levels.

You collected 28 gold pieces.

Inventory:

Hand Weapons
 f - a +1 dagger of protection (weapon)
Armour
 b - a +0 robe (worn)
Scrolls
 d - a scroll of noise
Potions
 c - a potion of invisibility


   Skills:
 + Level 0.8 Fighting
 + Level 0.8 Short Blades
 + Level 1.7 Dodging
 + Level 2.8 Stealth
 + Level 2.0 Spellcasting
 + Level 3.0 Hexes


You had 4 spell levels left.
You didn't know any spells.
Your spell library contained the following spells:

 Spells                   Type           Power      Damage    Failure   Level
 Ensorcelled Hibernation  Hex/Ice        12%        N/A       17%         2
 Confusing Touch          Hex            11%        N/A       19%         3
 Tukima's Dance           Hex            11%        N/A       19%         3
 Dazzling Flash           Conj/Hex       12%        N/A       32%         3


Dungeon Overview and Level Annotations

Branches:
Dungeon (1/15)

Altars:

Annotations:
D:1 1 runed translucent door


Message History

The ball python hisses angrily.
A gnoll comes into view. It is wielding a +0 spear.
The ball python bites you. The ball python closely misses you.
The ball python bites you. The ball python grabs you.
The ball python constricts you.
The gnoll shouts!
You hit the ball python but do no damage.
Your weapon exudes an aura of protection.
The ball python bites you but does no damage.
The ball python constricts you.
You barely miss the ball python.
The ball python bites you but does no damage.
The ball python constricts you.
The gnoll hits you from afar with a +0 spear.
* * * LOW HITPOINT WARNING * * *
You barely miss the ball python. The ball python bites you.
* * * LOW HITPOINT WARNING * * *
The ball python constricts you.
You escape the ball python's grasp.
The gnoll closely misses you. The ball python closely misses you.
The ball python misses you. The gnoll closely misses you.
The ball python closely misses you. x2
The ball python bites you but does no damage.
The ball python closely misses you.
There is an open door here.
The ball python barely misses you. The ball python grabs you.
The ball python constricts you.
* * * LOW HITPOINT WARNING * * *
You don't know any spells.
As you read the scroll labelled XABLEPS ZOZYE, it crumbles to dust.
It is a scroll of identify.
d - a scroll of noise The gnoll barely misses you.
The ball python closely misses you. The ball python constricts you.
You fade into invisibility!
The gnoll closely misses you. The ball python barely misses you.
The ball python constricts you.
* * * LOW HITPOINT WARNING * * *
You escape the ball python's grasp.
The ball python bites you.
You die...

#.# ##'####### #.#
##...## #.####
##.....## #.##.##
##.......##
#.#...####.........#
#..).....'......g..+
.
#.#...####.........#
.## #.##.##
##...S...## ..#
#.#### ##..@..## #.#
#.# ##...## #.#
#.#### ##+## #.##
#....# #..## ####.#
##. #########...#
#.# ##..
............# #.#
#..###+#######'###.#
#(#
#..#..⌠...>...⌠..#.#
#.####
#..#......<......#.#


You could see a gnoll (can't see you) and a ball python (can't see you).

Vanquished Creatures
  A dart slug (D:1)
  2 kobolds (D:1)
3 creatures vanquished.

Notes
Turn   | Place    | Note
-------+----------+-------------------------------------------
     0 | D:1      | xian the Demonspawn Enchanter began the quest for the Orb.
     0 | D:1      | Reached XP level 1. HP: 13/13 MP: 3/3
     1 | D:1      | Found a runed translucent door.
   323 | D:1      | Slain by a ball python

Illustrated notes

Levels and vault maps discovered:
D:1:      dpeg_arrival_caged_fury, layout_loops_corners, serial_aquarium,
          aquarium_bridge_square [aquarium_subvault_bridge,
          aquarium_subvault_bridge, aquarium_subvault_bridge,
          aquarium_subvault_window], aquarium_window_corridor_1,
          aquarium_window_fake, aquarium_window_fake, aquarium_view_2c,
          aquarium_pool_split, shapermc_ecumenical_altar_acropolis

Action                   || total
-------------------------++-------
Melee: Dagger            ||     9
  Use: Scroll            ||     1
       Potion            ||     1
 Stab: Sleeping          ||     2
Armor: Robe              ||     3
Dodge: Dodged            ||    14

Table legend: (Time is in decaauts)
 A = Elapsed time spent in this place.
 B = Non-inter-level travel time spent in this place.
 C = Inter-level travel time spent in this place.
 D = Time resting spent in this place.
 E = Time spent auto-exploring this place.
 F = Levels seen in this place.
 G = Mean time per level.
                   A        B        C        D        E       F      G
               +--------+--------+--------+--------+--------+-----+--------+
         Total |    321 |    321 |      0 |      0 |    230 |   1 |  321.0 |
       Dungeon |    321 |    321 |      0 |      0 |    230 |   1 |  321.0 |
               +--------+--------+--------+--------+--------+-----+--------+

Top non-repeatable levels by time:
     D:1: 321 daAuts
